 Dungeon Crawl Stone Soup version 0.25.1-2-g60ff931df9 (webtiles) character file.

Game seed: 3049321872584790953

48 Cinatic the Magician (level 3, -2/19 HPs)
             Began as a Deep Elf Wizard on Oct 19, 2020.
             Was an Initiate of Cheibriados.
             Slain by a gnoll (5 damage)
             ... on level 2 of the Dungeon.
             The game lasted 00:26:52 (2339 turns).

Cinatic the Magician (Deep Elf Wizard)              Turns: 2339, Time: 00:26:53

Health: -2/19      AC:  2    Str:  5    XL:     3   Next: 50%
Magic:  1/11       EV: 13    Int: 24    God:    Cheibriados [......]
Gold:   116        SH:  0    Dex: 14    Spells: 2/12 levels left

rFire    . . .     SeeInvis .   h - +0 short sword
rCold    . . .     Gourm    .   (no shield)
rNeg     . . .     Faith    .   a - +0 robe
rPois    .         Spirit   .   b - +0 hat
rElec    .         Reflect  .   (no cloak)
rCorr    .         Harm     .   (no gloves)
MR       .....                  (no boots)
Stlth    ++........             (no amulet)
HPRegen  0.06/turn              (no ring)
MPRegen  0.12/turn              (no ring)

@: very slightly contaminated, very slow
A: no striking features
a: Bend Time, Renounce Religion


You were on level 2 of the Dungeon.
You worshipped Cheibriados.
Cheibriados was noncommittal.
You were hungry.

You visited 1 branch of the dungeon, and saw 2 of its levels.

You collected 116 gold pieces.

Inventory:

Hand Weapons
 f - a +0 mace
 h - a +0 short sword (weapon)
 i - a -3 dagger
Missiles
 e - 12 arrows
Armour
 a - a +0 robe (worn)
 b - a +0 hat (worn)
 g - a +0 ring mail
 j - a +0 leather armour
Scrolls
 c - 2 scrolls of identify
 l - a scroll of remove curse
 n - a scroll of immolation {unknown}
Potions
 k - a potion of magic
Comestibles
 d - 3 rations
 m - a chunk of flesh


   Skills:
 + Level 2.8 Dodging
 * Level 2.9 Stealth
 + Level 5.3 Spellcasting
 * Level 1.8 Conjurations
 + Level 1.6 Summonings
 + Level 1.2 Translocations


You had 2 spell levels left.
You knew the following spells:

 Your Spells              Type           Power        Failure   Level  Hunger
a - Magic Dart            Conj           ###.         4%          1    None
b - Blink                 Tloc           N/A          8%          2    None
c - Call Imp              Summ           ##......     7%          2    None
d - Slow                  Hex            #.......     13%         2    None
e - Conjure Flame         Conj/Fire      ##......     17%         3    ##.....

Your spell library contained the following spells:

 Spells                   Type           Power        Failure   Level  Hunger
 Mephitic Cloud           Conj/Pois/Air  #.......     21%         3    ##.....


Dungeon Overview and Level Annotations

Branches:
Dungeon (2/15)

Altars:
Cheibriados


Message History

You are feeling hungry.
Some of the chunks of flesh in your inventory have rotted away.
Your crimson imp blinks!
You see here a quokka skeleton.
You swap places.
Your crimson imp blinks!
The hobgoblin hits you.
* * * LOW HITPOINT WARNING * * *
Casting: Call Imp (safe; 7% risk of failure)
Confirm with . or Enter, or press ? or * to list all spells.
You blink.
Casting: Blink (safe; 8% risk of failure)
Confirm with . or Enter, or press ? or * to list all spells.
A metallic apparition takes form in the air.
Your crimson imp hits the hobgoblin but does no damage.
Casting: Call Imp (safe; 7% risk of failure)
Confirm with . or Enter, or press ? or * to list all spells.
You blink.
Your crimson imp hits the gnoll.
The hobgoblin closely misses you. The gnoll hits you.
You die...

.........# #÷#
....####.###.# ....
#.....# #######
#.#.........# ......
.......###.#.###.###.#
...... #........÷#.# .#
...... #.#.##5g..#.# #
...... #.#.g.....#
...... #.#g@.#####
.....# #.#...# ......
#.#§..# ########
#..#+## # #... ##.#
####.# #)# .....## #.#
......########.########
###....................


You could see 2 gnolls, a hobgoblin and a friendly crimson imp (summoned).

Vanquished Creatures
  3 dart slugs
  3 leopard geckos (D:1)
  3 giant cockroaches (D:1)
  2 hobgoblins
  2 kobolds (D:1)
  A quokka (D:2)
  A ball python (D:1)
  5 bats
  2 frilled lizards (D:1)
  4 goblins
  3 rats
29 creatures vanquished.

Vanquished Creatures (collateral kills)
  A worm (D:2)
  A leopard gecko (D:1)
  A bat (D:1)
  5 hobgoblins (D:1)
  A goblin (D:1)
  A kobold (D:1)
  A rat (D:1)
11 creatures vanquished.

Grand Total: 40 creatures vanquished

Notes
Turn   | Place    | Note
-------+----------+-------------------------------------------
     0 | D:1      | Cinatic the Deep Elf Wizard began the quest for the Orb.
     0 | D:1      | Reached XP level 1. HP: 10/10 MP: 7/7
   239 | D:1      | Reached XP level 2. HP: 15/15 MP: 3/9
   243 | D:1      | Learned a level 2 spell: Blink
   246 | D:1      | Learned a level 2 spell: Call Imp
   249 | D:1      | Learned a level 2 spell: Slow
   546 | D:1      | Reached skill level 5 in Spellcasting
   967 | D:1      | Reached XP level 3. HP: 19/19 MP: 7/11
  1011 | D:1      | Learned a level 3 spell: Conjure Flame
  2037 | D:2      | Found a snail-covered altar of Cheibriados.
  2043 | D:2      | Became a worshipper of Cheibriados the Contemplative
  2339 | D:2      | Slain by a gnoll

Illustrated notes

Levels and vault maps discovered:
D:1:      minmay_arrival_radiant_lines, layout_basic
D:2:      layout_basic, lemuel_crystal_altar

Skill      XL: |  1  2 |
---------------+-------+-----
Spellcasting   | 5 |  5.3
Dodging        | |  2.8
Stealth        | |  2.9
Conjurations   | |  1.8
Summonings     | |  1.6
Translocations | |  1.2

Action                   || total
-------------------------++-------
Melee: Short sword       ||     8
 Cast: Magic Dart        ||    94
       Call Imp          ||    18
       Blink             ||     6
       Conjure Flame     ||    10
  Use: Scroll            ||     3
       Potion            ||     1
  Eat: Chunk             ||     4
Armor: Robe              ||     8
Dodge: Dodged            ||    36
